 Dungeon Crawl Stone Soup version 0.30-a0-6-g7c9e10e132 (webtiles) character file.

Game seed: 1644518712897965173

10453 purpskrrrp the Grappler (level 11, 0/122 HPs)
             Began as a Troll Abyssal Knight on Aug 22, 2022.
             Was a High Priest of Lugonu.
             Slain by a white ugly thing (27 damage)
             ... on level 11 of the Dungeon.
             The game lasted 00:25:58 (8737 turns).

purpskrrrp the Grappler (Troll Abyssal Knight)      Turns: 8737, Time: 00:25:59

Health: 0/122      AC:  7    Str: 27    XL:     11   Next: 36%
Magic:  11/11      EV: 12    Int: 12    God:    Lugonu [*****.]
Gold:   669        SH:  5    Dex: 10    Spells: 10/10 levels left

rFire   . . .      SeeInvis .      - Unarmed
rCold   . . .      Faith    .    (no shield)
rNeg    . . .      Spirit   .    a - +1 robe
rPois   +          Reflect  +    j - +2 hat
rElec   .          Harm     .    A - scarf {shadows}
rCorr   .          Rampage  .    (gloves unavailable)
Will    .....      Rage     3%   (boots unavailable)
Stlth   +.........               L - amulet of reflection
HPRegen 1.10/turn                n - +6 ring of intelligence
MPRegen 0.12/turn                h - ring of poison resistance

@: unable to drink
A: large, unfitting armour, claws 3, regeneration 1, shaggy fur 1, tough skin 1,
berserk 1, robust 1, inability to drink after injury 1, noise suppression
a: Renounce Religion, Depart the Abyss, Bend Space, Banish, Corrupt, Enter the
Abyss


You were on level 11 of the Dungeon.
You worshipped Lugonu.
Lugonu was extremely pleased with you.
You visited 1 branch of the dungeon, and saw 11 of its levels.
You visited the Abyss 1 time.
You also visited: Ossuary.

You collected 669 gold pieces.

Inventory:

Hand Weapons
 r - the +3 woodcutter's axe {vorpal}
   (You found it on level 3 of the Dungeon)

   It inflicts extra damage upon your enemies.
 u - a +0 demon whip of venom
 I - a +5 spectral war axe
Missiles
 G - 3 large rocks
Armour
 a - a +1 robe (worn)
 j - a +2 hat (worn)
 A - a scarf of shadows (worn)
Jewellery
 h - a ring of poison resistance (right claw)
 l - an amulet of regeneration
 n - a +6 ring of intelligence (left claw)
 v - a ring of ice
 x - a ring of wizardry
 z - a ring of protection from cold
 C - a ring of fire
 L - an amulet of reflection (around neck)
Wands
 k - a wand of paralysis (9)
 E - a wand of flame (15)
 F - a wand of roots (6)
Scrolls
 b - 6 scrolls of teleportation
 d - 3 scrolls of noise
 o - a scroll of summoning
 w - a scroll of fog
 y - 2 scrolls of poison
 D - a scroll of blinking
 K - 3 scrolls of identify
 M - a scroll of enchant weapon
Potions
 c - 2 potions of attraction
 e - 12 potions of curing
 f - 2 potions of might
 g - 4 potions of haste
 i - 5 potions of heal wounds
 m - 5 potions of mutation
 p - 2 potions of invisibility
 q - 3 potions of cancellation
 s - a potion of flight {unknown}
 t - 3 potions of brilliance
 B - a potion of magic {unknown}
 H - 2 potions of berserk rage {unknown}
 J - a potion of degeneration {unknown}


   Skills:
 + Level 8.0 Fighting
 + Level 7.8 Dodging
 * Level 12.9 Unarmed Combat
 - Level 1.5 Invocations


You had 10 spell levels left.
You didn't know any spells.
Your spell library contained the following spells:

 Spells                   Type           Power      Damage    Failure   Level
 Sublimation of Blood     Necr           0%         N/A       45%         2
 Wereblood                Tmut           0%         N/A       45%         2
 Call Canine Familiar     Summ           0%         N/A       69%         3
 Portal Projectile        Hex/Tloc       0%         N/A       69%         3
 Leda's Liquefaction      Hex/Erth       0%         N/A       97%         4
 Summon Hydra             Summ           0%         N/A       100%        7


Dungeon Overview and Level Annotations

Branches:
Dungeon (11/15)            Temple (0/1) D:4            Lair (0/5) D:11
    Orc (0/2) D:10        Ossuary (visited)

Altars:
Ashenzari
Dithmenos
Gozag
Kikubaaqudgha
Makhleb
Nemelex Xobeh
Okawaru
Ru
Vehumet
Wu Jian
Zin

Shops:
D:6 [

Annotations:
D:8 4 transporters, 3 runed translucent doors, greasedhog's ghost, novice GrAr


Innate Abilities, Weirdness & Mutations

You are too large for most types of armour.
You have claws for hands.
Your natural rate of healing is unusually fast.
You are covered in fur. (AC +1)
You have tough skin. (AC +1)
You sometimes lose your temper in combat.
You are robust. (+10% HP)
You occasionally lose the ability to drink potions when taking damage.
You passively dampen the noise of your surroundings.


Message History

You feel threatened and lose the ability to drink potions!
* * * LOW HITPOINT WARNING * * *
The manticore barely misses you. The manticore claws you!
* * * LOW HITPOINT WARNING * * *
You cannot drink potions in your current state!
You scratch the manticore.
You kill the manticore!
Lugonu accepts your kill.
You hear the loud crackling of a melting archway nearby.
You start resting.
You carefully extract the barbed spikes from your body.
You can drink potions again.
You claw the fungus!
The fungus begins to die.
The fungus is lightly damaged.
You completely miss the fungus.
The fungus is lightly damaged.
You mangle the fungus!!
The fungus is moderately damaged.
You claw the fungus!
The fungus is moderately damaged.
You claw the fungus!
The fungus is heavily damaged.
You mangle the fungus!!
The fungus is heavily damaged.
A nearby fungus withers and dies.
A white ugly thing comes into view.
You feel much better.
You feel much better.
You mangle the white ugly thing!!
The white ugly thing is heavily wounded.
The white ugly thing trunk-slaps you. The white ugly thing freezes you!!
You feel threatened and lose the ability to drink potions!
You claw the white ugly thing!
The white ugly thing is heavily wounded.
You barely miss the white ugly thing.
The white ugly thing is heavily wounded.
The white ugly thing trunk-slaps you!
* * * LOW HITPOINT WARNING * * *
The white ugly thing freezes you!!
You die...

######...####.### .
.....P.....#...
######..PP...PP.##
.........P..P.P..######
#####.PP.....P.P.......
#..P.PP............
#.P.P.##'#P.P.P#.#
##.PP..#.)#...P...#
#..P...#>.#P..@u###
#.....P####PPPP.#
##...PP.PP..P.PP....
#..#..P........P####.
##.##....P...P...#
....>.PPP.P.P....#
.......<..P.......
....#######. ....#


You could see a white ugly thing.

Vanquished Creatures
  A two-headed ogre (D:8)
  Amaemon (D:8)
  Pikel (D:8)
  A cyclops (D:10)
  A manticore (D:11)
  Maurice (D:8)
  An orange demon (D:8)
  A troll (D:10)
  2 hornets (D:9)
  2 shadows
  2 wyverns (D:8)
  6 yaks (D:9)
  A steam dragon (D:8)
  An acid dragon (D:10)
  Duvessa (D:7)
  2 orc warriors
  A water moccasin (D:6)
  3 ice beasts
  3 black bears
  A hornet zombie (Ossuary)
  2 centaurs
  A phantom (D:5)
  A lemure (D:8)
  2 kobold brigands
  6 scorpions
  3 bullfrogs
  A gnoll sergeant (D:7)
  2 water moccasin zombies (Ossuary)
  2 necrophages
  9 wights
  Dowan (D:7)
  18 killer bees
  4 howler monkeys
  4 centaur zombies (Ossuary)
  4 bullfrog zombies (Ossuary)
  3 hounds
  8 orc priests
  2 iguanas
  7 orc wizards
  A killer bee zombie (Ossuary)
  17 mummies (Ossuary)
  3 howler monkey zombies (Ossuary)
  6 gnolls
  7 adders
  A shadow imp (D:6)
  3 white imps
  4 ufetubi
  A worm (D:3)
  3 dart slugs
  27 orcs
  10 ball pythons
  4 bats
  7 endoplasms
  4 giant cockroaches
  3 goblins
  5 hobgoblins
  2 jackals (D:2)
  15 kobolds
  2 quokkas (D:1)
  2 frilled lizards
  6 rats
246 creatures vanquished.

Vanquished Creatures (collateral kills)
  A wight (D:8)
1 creature vanquished.

Vanquished Creatures (others)
  8 fungi
  3 plants (D:11)
  3 withered plants (Ossuary)
14 creatures vanquished.

Grand Total: 261 creatures vanquished

Notes
Turn   | Place    | Note
-------+----------+-------------------------------------------
     0 | Abyss:1  | purpskrrrp the Troll Abyssal Knight began the quest for the
                  | Orb.
     0 | Abyss:1  | Reached XP level 1. HP: 22/22 MP: 1/1
     3 | Abyss:1  | Found a corrupted altar of Lugonu.
   121 | Abyss:3  | Found a corrupted altar of Lugonu.
   147 | Abyss:3  | Noticed a small abomination
   150 | D:1      | Escaped the Abyss
   255 | D:1      | Reached XP level 2. HP: 29/29 MP: 2/2
   308 | D:1      | Reached ** piety under Lugonu
   311 | D:1      | Found a faded altar of an unknown god.
   637 | D:1      | Reached XP level 3. HP: 36/36 MP: 3/3
   900 | D:2      | Reached skill level 3 in Unarmed Combat
  1552 | D:2      | Reached XP level 4. HP: 43/44 MP: 4/4
  2297 | D:3      | Found the +3 woodcutter's axe {vorpal}
  2536 | D:4      | Found a staircase to the Ecumenical Temple.
  2573 | D:4      | Noticed a scorpion
  2581 | D:4      | Killed a scorpion
  2581 | D:4      | Reached *** piety under Lugonu
  2582 | D:4      | Reached skill level 4 in Unarmed Combat
  2582 | D:4      | Reached XP level 5. HP: 53/53 MP: 5/5
  2784 | D:4      | Found a sparkling altar of Nemelex Xobeh.
  2807 | D:4      | Reached XP level 6. HP: 59/61 MP: 6/6
  3037 | D:4      | Gained mutation: You sometimes lose your temper in combat.
                  | [potion of mutation]
  3037 | D:4      | Gained mutation: You occasionally lose the ability to drink
                  | potions when taking damage. [potion of mutation]
  3037 | D:4      | Gained mutation: You passively dampen the noise of your
                  | surroundings. [potion of mutation]
  3037 | D:4      | Gained mutation: You are robust. (+10% HP) [potion of
                  | mutation]
  3039 | D:5      | Entered Level 5 of the Dungeon
  3087 | D:5      | Reached skill level 5 in Unarmed Combat
  3141 | D:5      | Found an ornate altar of the Wu Jian Council.
  3168 | D:5      | Found a sand-covered staircase.
  3177 | Ossuary  | Entered an ossuary
  3202 | Ossuary  | Reached XP level 7. HP: 70/74 MP: 7/7
  3211 | Ossuary  | Reached skill level 6 in Unarmed Combat
  3346 | Ossuary  | Reached XP level 8. HP: 86/86 MP: 8/8
  3374 | Ossuary  | Reached **** piety under Lugonu
  3375 | Ossuary  | Reached skill level 7 in Unarmed Combat
  3708 | D:5      | Reached skill level 5 in Fighting
  3908 | D:5      | Reached skill level 8 in Unarmed Combat
  4010 | D:5      | Reached skill level 5 in Dodging
  4237 | D:6      | Found Lazer's Antique Armour Shoppe.
  4323 | D:6      | Reached XP level 9. HP: 96/96 MP: 9/9
  4579 | D:6      | Reached ***** piety under Lugonu
  4711 | D:6      | Found a burning altar of Makhleb.
  4792 | D:7      | Reached skill level 9 in Unarmed Combat
  4982 | D:7      | Noticed Duvessa
  4990 | D:7      | Noticed Dowan
  4992 | D:7      | Killed Duvessa
  5003 | D:7      | Killed Dowan
  5367 | D:7      | Reached skill level 10 in Unarmed Combat
  5543 | D:7      | Found a shadowy altar of Dithmenos.
  5937 | D:8      | Found a transporter.
  6008 | D:8      | Found a sacrificial altar of Ru.
  6018 | D:8      | Found a runed translucent gate.
  6018 | D:8      | Found a runed translucent gate.
  6018 | D:8      | Found a runed translucent gate.
  6034 | D:8      | Noticed Pikel
  6041 | D:8      | Killed Pikel
  6042 | D:8      | Reached XP level 10. HP: 110/110 MP: 10/10
  6120 | D:8      | Noticed Maurice
  6137 | D:8      | Killed Maurice
  6206 | D:8      | Noticed a two-headed ogre
  6212 | D:8      | Killed a two-headed ogre
  6213 | D:8      | Reached skill level 11 in Unarmed Combat
  6358 | D:8      | Found a glowing silver altar of Zin.
  6469 | D:8      | Noticed Amaemon
  6470 | D:8      | Noticed an orange demon
  6505 | D:8      | Killed Amaemon
  6512 | D:8      | Killed an orange demon
  6579 | D:8      | Found a transporter.
  6620 | D:8      | Found a transporter.
  6748 | D:8      | Found a transporter.
  6805 | D:8      | Found an iron altar of Okawaru.
  6818 | D:8      | Noticed greasedhog's ghost (novice GrAr)
  6970 | D:9      | Reached skill level 12 in Unarmed Combat
  7069 | D:9      | Reached XP level 11. HP: 67/119 MP: 11/11
  7144 | D:9      | Found an ancient bone altar of Kikubaaqudgha.
  7263 | D:9      | Found a broken altar of Ashenzari.
  7718 | D:10     | Entered Level 10 of the Dungeon
  7754 | D:10     | Found a radiant altar of Vehumet.
  7903 | D:10     | Found an opulent altar of Gozag.
  8232 | D:10     | Found a staircase to the Orcish Mines.
  8694 | D:11     | Found a staircase to the Lair.
  8730 | D:11     | Noticed a white ugly thing
  8737 | D:11     | Slain by a white ugly thing

Illustrated notes

Levels and vault maps discovered:
D:1:      minmay_arrival_up_and_down, layout_basic,
          hellmonk_ecumenical_altar_inner_sanctum, minmay_ruptured
D:2:      layout_basic, nicolae_hexahallways
D:3:      layout_loops_ring
D:4:      layout_basic, kennysheep_little_box, minmay_temple_entry_grid
D:5:      layout_basic, mainiacjoe_overflow_alcove_2,
          lightli_ossuary_entry_decrepit_ruins
D:6:      layout_cave_pools, lightli_temple_of_fire, nicolae_stop_n_shop_2
D:7:      nicolae_cairo_tiling, layout_basic, grunt_dithmenos_smoke_and_mirrors,
          uniq_duvessa
D:8:      minmay_spotlight, layout_loops_cross, zin_treasury,
          mainiacjoe_overflow_swirl, gammafunk_ghost_spectres,
          nicolae_transporter_intersection, uniq_maurice, uniq_amaemon,
          uniq_pikel
D:9:      layout_basic, mainiacjoe_overflow_boulevard,
          mainiacjoe_overflow_tiny_flanked
D:10:     layout_grid_maze, nicolae_gozag_seed_capital, vehumet_altar_wand_db,
          orc_0_dummy
D:11:     layout_loops_ring, grunt_lair_entry_orc_guard_hut,
          portal_ice_cave_entry_pillars_1, maelrawn_ghost_gauntlet_escape

Skill      XL: |  1  2  3  4  5  6  7  8  9 10 11 |
---------------+----------------------------------+-----
Dodging        | 2 3 4 5 6 7 |  7.8
Unarmed Combat | 3 4 5 6 8 10 12 | 12.9
Fighting       | 3 4 5 6 7 8 |  8.0
Invocations    | |  1.5

Action                   |  1- 3 |  4- 6 |  7- 9 | 10-12 || total
-------------------------+-------+-------+-------+-------++-------
Melee: Unarmed           |    90 |    32 |    50 |   220 ||   392
       Punch             |     1 |       |     1 |    17 ||    19
       Battleaxe         |       |    86 |   301 |       ||   387
Invok: Depart the Abyss  |     1 |       |       |       ||     1
  Use: Scroll            |       |    13 |     3 |    11 ||    27
       Potion            |       |     1 |     1 |     4 ||     6
 Stab: Distracted        |       |       |     1 |       ||     1
       Sleeping          |       |       |     1 |       ||     1
Armor: Robe              |    32 |    42 |   112 |    55 ||   241
Dodge: Dodged            |    32 |    67 |   180 |   118 ||   397
Block: Other             |       |       |       |     2 ||     2
       Reflection        |       |       |       |     1 ||     1

Table legend: (Time is in decaauts)
 A = Elapsed time spent in this place.
 B = Non-inter-level travel time spent in this place.
 C = Inter-level travel time spent in this place.
 D = Time resting spent in this place.
 E = Time spent auto-exploring this place.
 F = Levels seen in this place.
 G = Mean time per level.
                   A        B        C        D        E       F      G
               +--------+--------+--------+--------+--------+-----+--------+
         Total |   8780 |   8590 |    190 |    139 |   6453 |  15 |  585.3 |
       Dungeon |   8235 |   8045 |    190 |    139 |   6209 |  11 |  748.6 |
         Abyss |    149 |    149 |      0 |      0 |    130 |   3 |   49.7 |
       Ossuary |    395 |    395 |      0 |      0 |    114 |   1 |  395.0 |
               +--------+--------+--------+--------+--------+-----+--------+

Top non-repeatable levels by time:
     D:7: 1192 daAuts
     D:2: 954 daAuts
     D:8: 915 daAuts
    D:10: 888 daAuts
     D:5: 865 daAuts
     D:9: 852 daAuts
     D:1: 740 daAuts
     D:3: 638 daAuts
     D:4: 546 daAuts
     D:6: 515 daAuts
 Ossuary: 395 daAuts
    D:11: 125 daAuts
 Abyss:3: 91 daAuts
 Abyss:1: 35 daAuts
 Abyss:2: 22 daAuts
